 Dungeon Crawl Stone Soup version 0.19-a0-36-g4a0968a (webtiles) character file.

11 M4edhros the Grave Robber (level 2, 0/17 HPs)
             Began as an Octopode Necromancer on May 3, 2016.
             Slain by a bat (1 damage)
             ... on level 2 of the Dungeon.
             The game lasted 00:00:55 (180 turns).

M4edhros the Grave Robber (Octopode Necromancer)     Turns: 180, Time: 00:00:56

Health: 0/17       AC:  1    Str:  7    XL:     2   Next: 29%
Magic:  0/5        EV: 12    Int: 17    God:
Gold:   35         SH:  0    Dex: 12    Spells: 2 memorised, 3 levels left

rFire  . . .     SeeInvis .       - Unarmed
rCold  . . .     Gourm    .     (no shield)
rNeg   . . .     Faith    .     (helmet restricted)
rPois  .         Spirit   .     (no amulet)
rElec  .         Dismiss  .     (no ring)
rCorr  .         Reflect  .     (no ring)
SustAt .         Harm     .     (no ring)
MR     .....                    (no ring)
Stlth  +++.......               (no ring)
                                (no ring)
                                (no ring)
                                (no ring)

@: not resistant to hostile enchantments, fairly stealthy
A: almost no armour, amphibious, 8 rings, constrict 8, camouflage 1, gelatinous
body 1
a: no special abilities


You were on level 2 of the Dungeon.
You were not hungry.

You visited 1 branch of the dungeon, and saw 2 of its levels.

You collected 35 gold pieces.

Inventory:

Scrolls
 c - a scroll of immolation {unknown}
Books
 a - a book of Necromancy

   Spells                             Type                      Level
   a - Pain                           Necromancy                   1
   b - Animate Skeleton               Necromancy                   1
   c - Vampiric Draining              Necromancy                   3
   d - Regeneration                   Charms/Necromancy            3
   e - Animate Dead                   Necromancy                   4
   f - Control Undead                 Necromancy                   4
Comestibles
 b - 2 bread rations
 d - 2 chunks of flesh


   Skills:
 - Level 2.0 Dodging
 - Level 2.6 Stealth
 + Level 1.9 Unarmed Combat
 - Level 2.0 Spellcasting
 - Level 4.0 Necromancy


You had 3 spell levels left.
You knew the following spells:

 Your Spells              Type           Power        Failure   Level  Hunger
a - Pain                  Necr           ###.         3%          1    #......
b - Animate Skeleton      Necr           N/A          3%          1    #......


Dungeon Overview and Level Annotations

Branches:
Dungeon (2/15)

Altars:


Innate Abilities, Weirdness & Mutations

You cannot wear most types of armour.
You are amphibious.
You can wear up to eight rings at the same time.
You can use your tentacles to constrict eight enemies at once.
Your skin changes colour to match your surroundings (Stealth).
Your rubbery body absorbs attacks (AC +1).


Message History

Confirm with . or Enter, or press ? or * to list all spells.
Aiming: Pain
Press: ? - help, Shift-Dir - straight line, f/p - bat
Aim: a bat (heavily wounded, chance to defeat MR: 92%)
The worm convulses in agony!
Casting: Pain
Confirm with . or Enter, or press ? or * to list all spells.
Aiming: Pain
Press: ? - help, Shift-Dir - straight line, f/p - bat
Aim: a bat (heavily wounded, chance to defeat MR: 92%)
The worm convulses in agony!
Casting: Pain
Confirm with . or Enter, or press ? or * to list all spells.
Aiming: Pain
Press: ? - help, Shift-Dir - straight line, f/p - bat
Aim: a bat (heavily wounded, chance to defeat MR: 92%)
The worm convulses in agony!
You kill the worm!
The bat hits you.
You die...

#.......♣...♣## .......
#...........# .......
#<..........# .......##
#..........## ........#
#>.........# ........#
##..........# ........#
#........####
........#####..[.....#
..........†b@........##
#####################.###
##..# ##.#### #.....#
#...(.# #.....# #.....#
#....##


You could see a bat.

Vanquished Creatures
  A worm (D:2)
  A dart slug (D:1)
  A goblin (D:2)
  A hobgoblin (D:2)
  A kobold (D:2)
  A bat (D:2)
  A giant newt (D:2)
7 creatures vanquished.

Notes
Turn   | Place    | Note
--------------------------------------------------------------
     0 | D:1      | M4edhros the Octopode Necromancer began the quest for the Orb.
     0 | D:1      | Reached XP level 1. HP: 11/11 MP: 3/3
    96 | D:2      | Reached skill level 1 in Unarmed Combat
   113 | D:2      | Reached XP level 2. HP: 9/17 MP: 1/5
   121 | D:2      | Learned a level 1 spell: Animate Skeleton
   180 | D:2      | Slain by a bat

Vault maps used:
D:1:      lemuel_arrival_funnel
D:2:      forest_paths, grunt_ministairs_1

Skill      XL: |  1 |
---------------+----+-----
Unarmed Combat | 1 |  1.9
Dodging        | |  2.0
Stealth        | |  2.6
Spellcasting   | |  2.0
Necromancy     | |  4.0

Action                   || total
-------------------------++-------
Melee: Unarmed           ||     9
       Constrict         ||     4
       Tentacles         ||     2
 Cast: Pain              ||     8
       Animate Skeleton  ||     1
 Stab: Sleeping          ||     1
Armor: Skin              ||     7
Dodge: Dodged            ||     8
